 Dungeon Crawl Stone Soup version 0.30.0-5-g1a98f26d00 (webtiles) character file.

Game seed: 5392589434583179297

126 dialectric the Trooper (level 5, -3/33 HPs)
             Began as a Gargoyle Wanderer on May 9, 2023.
             Was a Follower of Qazlal.
             Slain by a hobgoblin (4 damage)
             ... on level 3 of the Dungeon.
             The game lasted 00:03:06 (2055 turns).

dialectric the Trooper (Gargoyle Wanderer)          Turns: 2055, Time: 00:03:06

Health: -3/33      AC: 14    Str: 13 (16) XL:     5   Next: 9%
Magic:  9/9        EV: 10    Int: 12 (13) God:    Qazlal [*.....]
Gold:   151        SH:  1    Dex:  7 (10) Spells: 9/10 levels left

rFire   . . .        r - +2 whip (freeze)
rCold   . . .        (no shield)
rNeg    + . .        b - +0 ring mail
rPois   ∞            (no helmet)
rElec   +            (no cloak)
rCorr   .            t - +2 pair of gloves
SInv    .            n - +0 pair of boots
Will    .....        (no amulet)
Stlth   +            (no ring)
HPRegen 0.25/turn    (no ring)
MPRegen 0.11/turn

%: no passive effects
@: mighty
A: sickness immunity, AC +4, negative energy resistance 1, electricity
resistance, torment resistance 1, petrification resistance
a: Renounce Religion


You were on level 3 of the Dungeon.
You worshipped Qazlal.
Qazlal was aware of your devotion.
You visited 1 branch of the dungeon, and saw 3 of its levels.

You collected 151 gold pieces.

Inventory:

Hand Weapons
 a - a +0 club
 o - a +0 flail
 r - a +2 whip of freezing (weapon)
Armour
 b - a +0 ring mail (worn)
 n - a +0 pair of boots (worn)
 t - a +2 pair of gloves (worn)
Jewellery
 j - a ring of ice
 v - a ring of fire
 w - a ring of flight
Wands
 m - a wand of polymorph (9)
Scrolls
 c - a scroll of fear
 d - a scroll of teleportation
 e - a scroll of torment {unknown}
 f - a scroll of summoning {unknown}
 g - 2 scrolls of identify {unknown}
 k - 3 scrolls of magic mapping {unknown}
 l - a scroll of vulnerability {unknown}
 p - a scroll of enchant armour {unknown}
 s - a scroll of silence {unknown}
Potions
 h - 2 potions of might
 i - 2 potions of magic
 q - a potion of degeneration
 u - a potion of berserk rage {unknown}


   Skills:
 + Level 3.9 Fighting
 + Level 2.2 Maces & Flails
 * Level 3.4 Armour
 + Level 1.6 Dodging
 - Level 1.1 Stealth
 - Level 3.0 Spellcasting


You had 9 spell levels left.
You knew the following spells:

 Your Spells              Type           Power      Damage    Failure   Level
a - Slow                  Hex            4%         N/A       45%         1

Your spell library contained the following spells:

 Spells                   Type           Power      Damage    Failure   Level
 Ensorcelled Hibernation  Hex/Ice        2%         N/A       58%         2
 Static Discharge         Conj/Air       2%         2-3/arc   58%         2
 Call Canine Familiar     Summ           1%         N/A       83%         3
 Swiftness                Air            1%         N/A       83%         3
 Airstrike                Air            0%         2d(1-17)  99%         4
 Summon Lightning Spire   Summ/Air       1%         N/A       99%         4


Dungeon Overview and Level Annotations

Branches:
Dungeon (3/15)

Altars:
Qazlal


Innate Abilities, Weirdness & Mutations

You are immune to sickness and miasma.
Your stone body is resilient. (AC +4)
You are immune to poison.
You resist negative energy. (rN+)
You are resistant to electric shocks. (rElec)
You are resistant to unholy torment.
You are immune to petrification.


Message History

The gnoll completely misses you.
The gnoll hits you from afar with a +1 spear of flaming.
The gnoll burns you.
You hit the gnoll. You freeze the gnoll.
You kill the gnoll!
Qazlal accepts your kill. The gnoll barely misses you.
You barely miss the gnoll bouda. The gnoll hits you but does no damage.
The gnoll bouda closely misses you.
You hit the gnoll bouda. You freeze the gnoll bouda.
The gnoll bouda is lightly wounded.
The gnoll hits you but does no damage.
The gnoll bouda hits you but does no damage.
You closely miss the gnoll bouda.
The gnoll bouda is lightly wounded.
The gnoll closely misses you. The gnoll bouda barely misses you.
You hit the gnoll bouda but do no damage.
The gnoll bouda is lightly wounded.
Your attacks no longer feel as feeble.
The gnoll barely misses you. The gnoll bouda misses you.
You whack the gnoll bouda! You freeze the gnoll bouda.
The gnoll bouda is almost dead.
The gnoll hits you but does no damage.
The gnoll bouda hits you with a +0 whip!
* * * LOW HITPOINT WARNING * * *
You hit the gnoll bouda. You freeze the gnoll bouda.
You kill the gnoll bouda!
Qazlal accepts your kill. The gnoll hits you but does no damage.
Your Maces & Flails skill increases to level 2!
You have reached level 5!
It was a potion of degeneration.
There was something very wrong with that liquid.
You feel weakened.
You feel dopey.
You feel clumsy.
The gnoll hits you from afar with a +1 spear of flaming.
* * * LOW HITPOINT WARNING * * *
The gnoll burns you.
* * * LOW HITPOINT WARNING * * *
The hobgoblin hits you.
You die...

######..# #.#
#.......# #.#
#.####.## #.#
#..# #.# #.##
#.# #.# #######
#.# #.# #.....#
#.###.###g....#
#......@g.....#
#####.###.....#
########.#
#.....#
.........#
###.###
########.# #.#
#.# #.# #.# #g#
#.# #B#####
#.#####.#..g#


You could see a gnoll (swift) and a hobgoblin.

Vanquished Creatures
  A gnoll bouda (D:3)
  2 gnolls (D:3)
  An adder (D:2)
  A worm (D:2)
  2 dart slugs (D:1)
  4 orcs (D:2)
  3 bats
  8 endoplasms
  3 giant cockroaches
  6 hobgoblins
  3 quokkas
  6 ball pythons
  3 frilled lizards
  4 goblins
  6 kobolds
  7 rats
60 creatures vanquished.

Notes
Turn   | Place    | Note
-------+----------+-------------------------------------------
     0 | D:1      | dialectric the Gargoyle Wanderer began the quest for the
                  | Orb.
     0 | D:1      | dialectric set off with the following items: a +0 club, a
                  | +0 ring mail, a scroll of fear, a scroll of teleportation;
                  | and the following spell memorised: Slow; and the following
                  | spells available to memorise: Ensorcelled Hibernation, Call
                  | Canine Familiar, Swiftness.
     0 | D:1      | Reached XP level 1. HP: 14/14 MP: 4/4
   120 | D:1      | Reached XP level 2. HP: 4/19 MP: 6/6
   554 | D:1      | Reached skill level 1 in Maces & Flails
   554 | D:1      | Reached XP level 3. HP: 14/24 MP: 7/7
   718 | D:1      | Reached skill level 1 in Dodging
  1038 | D:2      | Reached XP level 4. HP: 25/29 MP: 8/8
  1370 | D:2      | Found a faded altar of an unknown god.
  1844 | D:2      | Prayed at the altar of an unknown god.
  1844 | D:2      | Became a worshipper of Qazlal Stormbringer
  1844 | D:2      | Reached * piety under Qazlal
  2055 | D:3      | Reached XP level 5. HP: 3/33 MP: 9/9
  2055 | D:3      | HP: 1/33 [gnoll/+1 spear of flaming[a gnoll bouda] (1)]
  2055 | D:3      | Slain by a hobgoblin

Illustrated notes

Levels and vault maps discovered:
D:1:      scummos_arrival_simple_crosswalls, layout_rooms, fountainhead
D:2:      layout_basic, shapermc_ecumenical_altar_petra, fountainhead
D:3:      layout_loops_ring, grunt_temple_overflow_order_and_chaos_1,
          serial_shops, nicolae_shop_statue_plus, uniq_natasha

Skill      XL: |  1  2  3  4 |
---------------+-------------+-----
Maces & Flails | 1 2 |  2.2
Dodging        | 1 |  1.6
Armour         | 3 |  3.4
Fighting       | |  3.9
Stealth        | |  1.1
Spellcasting   | |  3.0

Action                     |  1- 3 |  4- 6 || total
---------------------------+-------+-------++-------
  Melee: Club              |   161 |       ||   161
         Punch             |     1 |       ||     1
         Flail             |    47 |    28 ||    75
         Whip              |       |    36 ||    36
   Cast: Slow              |     1 |       ||     1
    Use: Potion            |     1 |     3 ||     4
 Armour: Ring mail         |   139 |    33 ||   172
  Dodge: Dodged            |   159 |    37 ||   196
  Block: Other             |       |     1 ||     1
